 Dungeon Crawl Stone Soup version 0.31-a0-1626-g5cb510d322 (webtiles) character file.

Game seed: 10190985380723609482

301835 RepHenryClay the Marksgnoll (level 21, -5/157 (166) HPs)
             Began as a Gnoll Hunter on Jan 12, 2024.
             Was the Champion of Okawaru.
             Shot themself with a bolt (33 damage)
             ... on level 1 of the Vaults on Jan 13, 2024.
             The game lasted 02:17:41 (37796 turns).

RepHenryClay the Marksgnoll (Gnoll Hunter)         Turns: 37796, Time: 02:17:41

HP:   -5/157 (166)  AC: 18    Str: 14    XL:     21   Next: 5%
MP:   30/39         EV: 26    Int: 14    God:    Okawaru [******]
Gold: 213           SH:  0    Dex: 32    Spells: 33/48 levels left

rFire   + + .        K - +7 hand cannon "Mule" {flame, backblast, rF+}
rCold   . . .        (no shield)
rNeg    . . .        H - +2 ring mail {rF+}
rPois   +            q - +2 hat
rElec   .            u - scarf of Inquiry {+Inv, rPois Regen+ Int+2 Dex+2}
rCorr   +            V - +1 pair of gloves "Wets" {Rampage Will+ rCorr}
SInv    +            h - +2 pair of boots {Stlth+}
Will    ++++.        m - amulet "Otemocoi" {+Blink Will+ Regen+ rCorr SInv}
Stlth   +++++++      i - ring of flight
HPRegen 2.06/turn    A - ring of Rilie {^Drain +Blink Will+ Int+3 Dex+7}
MPRegen 0.26/turn

%: rampage
@: portalling projectiles, flying, studying Necromancy, drained
A: fangs 1, strong nose, distributed training
}: 2/15 runes: serpentine, barnacled
a: Renounce Religion, Evoke Blink, Evoke Invisibility, Heroism, Finesse, Duel


You were on level 1 of the Vaults.
You worshipped Okawaru.
Okawaru was exalted by your worship.
You visited 7 branches of the dungeon, and saw 32 of its levels.
You also visited: Bailey and Ice Cave.

You collected 4161 gold pieces.
You spent 3948 gold pieces at shops.

Inventory:

Hand Weapons
 a - the +8 pair of quick blades "Gyre" and "Gimble" {protect}
   (You found it on level 8 of the Dungeon)
 b - the +8 longbow "Goblinslayer" {elec, rElec Str+2 Int+4}
   (Okawaru gifted it to you in an ice cave)

   Str+2:     It affects your strength (+2).
   Int+4:     It affects your intelligence (+4).
   rElec:     It insulates you from electricity.
 K - the +7 hand cannon "Mule" (weapon) {flame, backblast, rF+}
   (You took it off a merfolk impaler on level 4 of the Shoals)

   rF+:       It protects you from fire.
Missiles
 L - 28 javelins
 P - 13 silver javelins
 S - 5 datura-tipped darts
 Z - 6 throwing nets
Armour
 h - a +2 pair of boots of stealth (worn)
 q - a +2 hat (worn)
 u - the scarf of Inquiry (worn) {+Inv, rPois Regen+ Int+2 Dex+2}
   (You acquired it in a bailey)

   Int+2:     It affects your intelligence (+2).
   Dex+2:     It affects your dexterity (+2).
   rPois:     It protects you from poison Regen+: It increases your rate of
   health regeneration.
 H - a +2 ring mail of fire resistance (worn)
 I - a scarf of resistance
 T - the +3 robe of Clouds {*Thunder rCloud rElec}
   (You bought it in a shop on level 2 of the Orcish Mines)

   *Thunder:  It occasionally creates storm clouds above nearby enemies.
   rCloud:    It grants its wearer immunity to clouds.
   rElec:     It insulates you from electricity.
 V - the +1 pair of gloves "Wets" (worn) {Rampage Will+ rCorr}
   (You found it in an ice cave)

   Will+:     It increases your willpower.
   rCorr:     It protects you from acid and corrosion.
   Rampage:   It bestows one free step when moving towards enemies.
Jewellery
 d - a +6 ring of intelligence
 i - a ring of flight (left hand)
 m - the amulet "Otemocoi" (around neck) {+Blink Will+ Regen+ rCorr SInv}
   (You bought it in a shop on level 1 of the Snake Pit)

   [amulet of regeneration]

   Will+:     It increases your willpower.
   SInv:      It lets you see invisible.
   +Blink:    It lets you blink.
   Regen+:    It increases your rate of health regeneration.
   rCorr:     It protects you from acid and corrosion.
 A - the ring of Rilie (right hand) {^Drain +Blink Will+ Int+3 Dex+7}
   (You bought it in a shop on level 2 of the Shoals)

   [ring of willpower]

   Int+3:     It affects your intelligence (+3).
   Dex+7:     It affects your dexterity (+7).
   Will+:     It increases your willpower.
   +Blink:    It lets you blink.
   ^Drain:    It drains your maximum health when unequipped.
 J - a ring of protection from fire
 Y - a +4 ring of protection
Wands
 j - a wand of digging (1)
 k - a wand of iceblast (5)
 n - a wand of light (3)
 x - a wand of paralysis (32)
Scrolls
 c - 8 scrolls of teleportation
 e - 7 scrolls of amnesia
 l - a scroll of enchant armour
 o - 4 scrolls of blinking
 r - a scroll of butterflies
 s - a scroll of revelation
 M - 8 scrolls of identify {@r1}
 N - 2 scrolls of fog
 O - a scroll of torment
 Q - 3 scrolls of poison
 R - 4 scrolls of immolation
 U - 4 scrolls of enchant weapon
 X - 2 scrolls of brand weapon
Potions
 f - 6 potions of haste
 g - 8 potions of curing
 p - 4 potions of mutation
 t - 2 potions of attraction
 v - 3 potions of cancellation
 w - 3 potions of brilliance
 z - 3 potions of magic
 B - 5 potions of heal wounds
 C - 3 potions of resistance
 D - 2 potions of enlightenment
 E - a potion of ambrosia
 F - 7 potions of might
 G - 4 potions of invisibility
Miscellaneous
 y - a phial of floods
 W - a tin of tremorstones (2/2)


   Skills:
 + Level 14.7 Fighting
 + Level 14.1 Short Blades
 + Level 14.1 Long Blades
 + Level 14.1 Axes
 + Level 14.1 Maces & Flails
 + Level 14.1 Polearms
 + Level 14.1 Staves
 + Level 16.2 Ranged Weapons
 + Level 14.1 Throwing
 + Level 14.1 Armour
 + Level 14.7 Dodging
 + Level 14.2 Stealth
 + Level 14.1 Shields
 + Level 14.1 Unarmed Combat
 + Level 14.1 Spellcasting
 + Level 11.9 Conjurations
 + Level 11.9 Hexes
 + Level 11.9 Summonings
 + Level 15.0 Necromancy
 + Level 11.9 Translocations
 + Level 11.9 Fire Magic
 + Level 11.9 Ice Magic
 + Level 11.9 Air Magic
 + Level 11.9 Earth Magic
 + Level 11.9 Alchemy
 + Level 15.2 Invocations
 + Level 14.1 Evocations
 + Level 13.0 Shapeshifting


You had 33 spell levels left.
You knew the following spells:

 Your Spells              Type           Power      Damage    Failure   Level
a - Mercury Vapours       Alch/Air       86%        N/A       1%          2
b - Olgreb's Toxic Radia  Alch           43%        N/A       1%          4
c - Dimensional Bullseye  Hex/Tloc       21%        N/A       1%          4
d - Sigil of Binding      Hex            43%        N/A       1%          3
Q - Blink                 Tloc           86%        N/A       1%          2

Your spell library contained the following spells:

 Spells                   Type           Power      Damage    Failure   Level
 Apportation              Tloc           86%        N/A       1%          1
 Freeze                   Ice            100%       1d10      1%          1
 Magic Dart               Conj           100%       1d8       1%          1
 Necrotise                Necr           100%       1d9       1%          1
 Slow                     Hex            100%       N/A       1%          1
 Sting                    Conj/Alch      100%       1d9       1%          1
 Cigotuvi's Dreadful Rot  Necr/Alch/Air  92%        N/A       1%          2
 Jinxbite                 Hex            86%        N/A       1%          2
 Scorch                   Fire           86%        2d8       1%          2
 Searing Ray              Conj           86%        2d7       1%          2
 Sublimation of Blood     Necr           51%        N/A       1%          2
 Confusing Touch          Hex            43%        N/A       1%          3
 Frozen Ramparts          Ice            86%        1d13      1%          3
 Hailstorm                Conj/Ice       43%        3d9       1%          3
 Ozocubu's Armour         Ice            43%        N/A       1%          3
 Vampiric Draining        Necr           51%        2d9       1%          3
 Volatile Blastmotes      Fire/Tloc      86%        2d17      1%          3
 Flame Wave               Conj/Fire      43%        2d11      1%          4
 Fulminant Prism          Conj/Alch      21%        3d12      1%          4
 Ignite Poison            Fire/Alch      43%        N/A       1%          4
 Iskenderun's Mystic Bla  Conj/Tloc      43%        2d10      1%          4
 Curse of Agony           Necr           51%        N/A       1%          5
 Alistair's Intoxication  Alch           28%        N/A       2%          5
 Freezing Cloud           Conj/Ice/Air   21%        6-21      2%          5
 Lee's Rapid Deconstruct  Erth           21%        3d12*     2%          5
 Metabolic Englaciation   Hex/Ice        21%        N/A       2%          5
 Call Imp                 Summ           Unusable   N/A       N/A         2
 Call Canine Familiar     Summ           Unusable   N/A       N/A         3
 Animate Armour           Summ/Erth      Unusable   N/A       N/A         4
 Martyr's Knell           Necr/Summ      Unusable   N/A       N/A         4
 Summon Lightning Spire   Summ/Air       Unusable   N/A       N/A         4
 Sculpt Simulacrum        Ice/Alch       Unusable   N/A       N/A         6
 Summon Cactus Giant      Summ           Unusable   N/A       N/A         6
 Summon Hydra             Summ           Unusable   N/A       N/A         7

Dungeon Overview and Level Annotations

Branches:
Dungeon (15/15)            Temple (1/1) D:5            Lair (5/5) D:8
 Shoals (4/4) Lair:2        Snake (4/4) Lair:3        Slime (0/5) Lair:4
    Orc (2/2) D:11            Elf (0/3) Orc:2        Vaults (1/5) D:14
 Depths (0/4) D:15         Bailey (visited)           IceCv (visited)

Altars:
Ashenzari
Cheibriados
Dithmenos
Elyvilon
Fedhas
Gozag
Hepliaklqana
Kikubaaqudgha
Makhleb
Nemelex Xobeh
Okawaru
Qazlal
Ru
Sif Muna
Trog
Uskayaw
Vehumet
Wu Jian
Xom
Yredelemnul
Zin
The Shining One

Shops:
D:2 (:*(   D:6 *(   D:7 !   D:12 !   D:15 !   Orc:2 !*?[   Shoals:2 ==
Snake:1 [!=:   Snake:2 ((   Vaults:1 :

Portals:
Trove: D:14 (show abyssal rune of Zot)

Annotations:
D:8 double ogre
Shoals:2 good rings


Innate Abilities, Weirdness & Mutations

You have very sharp teeth.
Your uncanny sense of smell can sniff out nearby items.
Your experience applies equally to all skills.


Message History

The ironbound frostheart calls freezing cold from the walls.
The frost grips you!!
* * * LOW HITPOINT WARNING * * *
Huge Dmg: -10%(-16hp) hp: 20%(31hp) Welcome back, RepHenryClay the Gnoll Hunter.
Okawaru says: Bring me glory in combat!
Press ? for a list of commands and other information.
You feel much better. The ice encasing you melts away.
The centaur warrior shoots an arrow.
The arrow completely misses you.
A vault warden comes into view.
It is wielding a +0 antimagic war axe and wearing a +2 tower shield of reflection.
The centaur warrior shoots an arrow.
The arrow barely misses you.
Fire: K) +7 hand cannon "Mule" {flame, backblast, rF+}
Press: ? - help, Q - select action, (/) - cycle Shift-Dir - straight line, f - centaur warrior
Aim: a centaur warrior, wielding a +0 orcbow (moderately wounded, 83% to hit)
You shoot a bolt. The bolt hits the centaur warrior!
The bolt burns the centaur warrior.
The centaur warrior is moderately wounded.
Your projectile teleports!
The bolt hits the ironbound frostheart!!
The bolt burns the ironbound frostheart.
The ironbound frostheart is severely wounded.
Mule's kick sends you backwards.
The centaur warrior shoots an arrow.
The arrow hits you!
* * * LOW HITPOINT WARNING * * *
The centaur warrior shoots an arrow.
The arrow hits you!
* * * LOW HITPOINT WARNING * * *
Huge Dmg: -16%(-25hp) hp: 18%(28hp) Welcome back, RepHenryClay the Gnoll Hunter.
Okawaru says: Bring me glory in combat!
Press ? for a list of commands and other information.
Fire: K) +7 hand cannon "Mule" {flame, backblast, rF+}
Press: ? - help, Q - select action, (/) - cycle Shift-Dir - straight line, f - centaur warrior
Aim: a centaur warrior, wielding a +0 orcbow (moderately wounded, 83% to hit)
You shoot a bolt.
The bolt closely misses the centaur warrior.
The vault warden blocks the bolt with its +2 tower shield of reflection... and reflects it back!
The bolt barely misses the centaur warrior.
The bolt hits you!!
You die...

+.....#....#.#....'........#....#
#.....##..#...#..##........#....#
#......###.....####........#....#
#........#.....#..###[######....#
.........##...##................#
..........#####.................#
................................#
......#######.....########......#
#.....# #...°@#∆ .#......#
#.....# #....°# ..#......# #.....
#.....# ...#......# ... #.....#
....#......# #####.#
.....#......# #c#......#......#
#p#......#......#
#.p.###'####......# ....#..
............#


You could see a vault warden (reflecting), an ironbound frostheart (bullseye
target) and a centaur warrior.

Vanquished Creatures
  Saint Roka (Snake:3)
  Vashnia (Snake:3)
  Rupert (Lair:4)
  A titan (Shoals:4)
  Gastronok (D:11)
  Polyphemus (Shoals:2)
  Donald (Orc:2)
  Agnes (Snake:1)
  6 nagarajas
  Aizul (Snake:4)
  Louise (Shoals:2)
  A vault warden (D:14)
  An orc warlord (Orc:2)
  A frost giant (Shoals:1)
  The ghost of jasper the Fighter, a journeyman TrCA of Ignis (Orc:2)
  3 dire elephants
  Nessos (Orc:2)
  Azrael (Snake:2)
  10 merfolk javelineers (Shoals:4)
  10 merfolk impalers
  Snorg (D:14)
  An ettin (D:15)
  An entropy weaver (shapeshifter) (D:15)
  5 hydras
  2 vault guards (D:14)
  5 salamander tyrants
  2 catoblepae
  A satyr (Shoals:2)
  8 centaur warriors
  4 merfolk avatars
  6 two-headed ogres
  8 anacondas
  4 merfolk aquamancers
  3 boulder beetles
  A death knight (D:15)
  2 alligator snapping turtles
  An ironbound frostheart (D:14)
  17 naga warriors
  4 tengu warriors
  5 orc high priests
  10 death yaks
  An occultist (D:15)
  11 naga sharpshooters
  6 shock serpents
  A fire crab (Lair:3)
  4 salamander mystics
  6 skysharks
  18 sea snakes
  2 skeletal warriors (D:14)
  14 mana vipers
  2 arcanists
  A swamp dragon (D:14)
  8 naga ritualists
  2 ironbound convokers
  21 harpies
  2 necromancers
  5 orc knights
  7 orc sorcerers
  13 ugly things
  9 salamanders
  2 deep elf zephyrmancers
  4 deep elf pyromancers
  15 manticores
  8 fauns (Shoals:2)
  16 cyclopes
  A will-o-the-wisp (D:14)
  2 kobold blastminers (Orc:1)
  3 guardian serpents
  30 black mambas
  12 merfolk sirens
  An ice statue (IceCv)
  10 elephants
  27 naga magi
  A vault sentinel (Vaults:1)
  19 cane toads
  A cane toad (shapeshifter) (D:15)
  10 water nymphs
  A gargoyle (D:12)
  8 rime drakes
  Maggie (D:9)
  3 anaconda simulacra (IceCv)
  2 efreet
  3 yaktaurs
  10 ice devils (IceCv)
  18 komodo dragons
  3 tengu conjurers
  7 freezing wraiths
  7 kobold demonologists
  A polar bear (Lair:2)
  8 trolls
  11 wind drakes
  Grinder (D:3)
  36 merfolk
  4 hornets
  15 blink frogs
  A wind drake (shapeshifter) (D:15)
  11 dream sheep
  9 snapping turtles
  5 air elementals (Shoals:4)
  6 slime creatures
  23 water elementals
  3 wyverns
  A centaur simulacrum (D:14)
  A vampire (D:11)
  A shadow (D:12)
  A spriggan (D:8)
  A dire elephant simulacrum (IceCv)
  3 fire elementals (Snake:2)
  2 wraiths
  53 yaks
  3 wargs
  10 vampire mosquitoes
  5 basilisks
  2 humans
  3 steam dragons
  2 harpy simulacra (IceCv)
  74 nagas
  5 death yak simulacra (IceCv)
  2 acid dragons
  3 hell hounds (Snake:2)
  2 hydra simulacra (IceCv)
  14 water moccasins
  2 black bears
  46 orc warriors
  3 boggarts
  5 ice beasts
  11 ogres
  10 wolves
  13 centaurs
  A phantom (D:4)
  5 kobold brigands
  18 bullfrogs
  2 two-headed ogre simulacra (IceCv)
  A gnoll sergeant (D:9)
  7 scorpions
  3 cane toad simulacra (IceCv)
  11 wights
  5 elephant simulacra (IceCv)
  7 electric eels
  2 bombardier beetles (D:5)
  8 howler monkeys
  2 hounds (D:6)
  45 orc priests
  4 sleepcaps
  2 hell rats (Lair:2)
  2 iguanas
  26 orc wizards
  A troll simulacrum (IceCv)
  3 polar bear simulacra (IceCv)
  A spriggan simulacrum (IceCv)
  4 wolf simulacra (IceCv)
  Robin (D:4)
  5 gnolls
  A naga simulacrum (IceCv)
  4 adders
  12 river rats (Lair:2)
  13 white imps
  An ufetubus (IceCv)
  3 dart slugs
  3 ribbon worms
  112 orcs
  2 endoplasms
  5 giant cockroaches
  20 goblins
  15 hobgoblins
  4 jackals (D:4)
  2 quokkas (D:2)
  6 ball pythons
  7 bats
  6 frilled lizards
  A jackal zombie (D:5)
  15 kobolds
  8 rats
  A rat zombie (D:5)
1313 creatures vanquished.

Vanquished Creatures (others)
  A naga warrior (Snake:4)
  A naga (Snake:4)
  2 orc warriors (Bailey)
  An orc wizard (D:8)
  A gnoll (Bailey)
  8 foxfires (D:14)
14 creatures vanquished.

Grand Total: 1327 creatures vanquished

Notes
Turn   | Place    | Note
-------+----------+-------------------------------------------
     0 | D:1      | RepHenryClay the Gnoll Hunter began the quest for the Orb.
     0 | D:1      | Reached XP level 1. HP: 20/20 MP: 1/1
   168 | D:1      | Reached XP level 2. HP: 26/26 MP: 2/2
   334 | D:1      | Found a faded altar of an unknown god.
   367 | D:1      | Reached XP level 3. HP: 31/31 MP: 3/3
   624 | D:2      | Found Izaesm's General Store.
   647 | D:2      | Bought a scroll of identify for 26 gold pieces
   666 | D:2      | Reached skill level 1 in Invocations
   672 | D:2      | Found Tuogy's Book Shoppe.
   730 | D:2      | Reached skill level 1 in Short Blades
   730 | D:2      | Reached skill level 1 in Long Blades
   730 | D:2      | Reached skill level 1 in Axes
   730 | D:2      | Reached skill level 1 in Maces & Flails
   730 | D:2      | Reached skill level 1 in Polearms
   730 | D:2      | Reached skill level 1 in Staves
   730 | D:2      | Reached skill level 1 in Throwing
   730 | D:2      | Reached skill level 1 in Armour
   730 | D:2      | Reached skill level 1 in Shields
   730 | D:2      | Reached skill level 1 in Unarmed Combat
   730 | D:2      | Reached skill level 1 in Spellcasting
   730 | D:2      | Reached skill level 1 in Evocations
   850 | D:2      | Found Huattewe's Antique Weapon Shop.
   963 | D:2      | Found Udysk's Weapon Emporium.
  1087 | D:3      | Noticed Grinder
  1097 | D:3      | Reached skill level 1 in Shapeshifting
  1097 | D:3      | Reached XP level 4. HP: 30/38 MP: 5/5
  1115 | D:2      | Reached skill level 1 in Conjurations
  1115 | D:2      | Reached skill level 1 in Hexes
  1115 | D:2      | Reached skill level 1 in Summonings
  1115 | D:2      | Reached skill level 1 in Necromancy
  1115 | D:2      | Reached skill level 1 in Translocations
  1115 | D:2      | Reached skill level 1 in Fire Magic
  1115 | D:2      | Reached skill level 1 in Ice Magic
  1115 | D:2      | Reached skill level 1 in Air Magic
  1115 | D:2      | Reached skill level 1 in Earth Magic
  1115 | D:2      | Reached skill level 1 in Alchemy
  1318 | D:4      | Noticed a scorpion
  1324 | D:4      | Killed a scorpion
  1325 | D:4      | Reached XP level 5. HP: 31/43 MP: 5/7
  1463 | D:4      | Noticed a black bear
  1813 | D:4      | Reached XP level 6. HP: 50/50 MP: 8/8
  1828 | D:4      | Noticed Robin
  1859 | D:4      | Reached skill level 5 in Fighting
  1859 | D:4      | Reached skill level 5 in Dodging
  1902 | D:4      | Reached XP level 7. HP: 30/56 MP: 10/10
  2267 | D:4      | Killed Robin
  2678 | D:4      | Reached skill level 9 in Ranged Weapons
  2740 | D:5      | Entered Level 5 of the Dungeon
  2825 | D:5      | You fall into a shaft and drop 3 floors!
  2866 | D:8      | Identified the amulet "Fovo" {Faith Str+3 Int+5 Dex-3}
  2881 | D:8      | Upgraded the game from 0.31-a0-1620-gcbf77bbcfc to
                  | 0.31-a0-1626-g5cb510d322
  3160 | D:6      | Reached XP level 8. HP: 60/63 MP: 12/12
  3460 | D:5      | Found a staircase to the Ecumenical Temple.
  3469 | Temple   | Entered the Ecumenical Temple
  3481 | Temple   | Became a worshipper of Warmaster Okawaru
  3650 | D:2      | Bought a steaming rapier for 198 gold pieces
  3650 | D:2      | Identified the +3 rapier "Inuocwue" {freeze, ^Fragile rC++
                  | rN+++ Str-2} (You bought it in a shop on level 2 of the
                  | Dungeon)
  3954 | D:3      | Killed Grinder
  4683 | D:6      | Found Bioqemie's Antique Weapon Shoppe.
  4708 | D:6      | Reached XP level 9. HP: 36/69 MP: 13/15
  4913 | D:6      | Reached * piety under Okawaru
  5074 | D:6      | Found Arilog's Neck Hole.
  5098 | D:6      | Found an opulent altar of Gozag.
  5589 | D:7      | Reached skill level 5 in Stealth
  5875 | D:7      | Found Peoskiat's Distillery.
  5912 | D:7      | Found a hide-covered altar of Uskayaw.
  5927 | D:7      | Found a shimmering blue altar of Sif Muna.
  6271 | D:7      | Reached skill level 5 in Invocations
  6274 | D:7      | Learned a level 2 spell: Mercury Vapours
  6279 | D:7      | Learned a level 4 spell: Olgreb's Toxic Radiance
  6317 | D:8      | Noticed a rime drake
  6484 | D:7      | Reached ** piety under Okawaru
  6765 | D:8      | Noticed a troll
  7159 | D:9      | Noticed a troll
  7180 | D:9      | Killed a troll
  7181 | D:9      | Reached skill level 5 in Short Blades
  7181 | D:9      | Reached skill level 5 in Long Blades
  7181 | D:9      | Reached skill level 5 in Axes
  7181 | D:9      | Reached skill level 5 in Maces & Flails
  7181 | D:9      | Reached skill level 5 in Polearms
  7181 | D:9      | Reached skill level 5 in Staves
  7181 | D:9      | Reached skill level 5 in Throwing
  7181 | D:9      | Reached skill level 5 in Armour
  7181 | D:9      | Reached skill level 5 in Shields
  7181 | D:9      | Reached skill level 5 in Unarmed Combat
  7181 | D:9      | Reached skill level 5 in Spellcasting
  7181 | D:9      | Reached skill level 5 in Evocations
  7181 | D:9      | Reached XP level 10. HP: 69/77 MP: 14/17
  7187 | D:9      | Reached skill level 10 in Ranged Weapons
  7189 | D:9      | Reached *** piety under Okawaru
  7344 | D:9      | Found a flagged portal.
  7362 | Bailey   | Entered a bailey
  7972 | Bailey   | Acquired the scarf of Inquiry {+Inv, rPois Regen+ Int+2
                  | Dex+2}
  8039 | Bailey   | Reached skill level 5 in Shapeshifting
  8144 | Bailey   | Noticed a kobold demonologist
  8282 | Bailey   | Found an iron altar of Okawaru.
  8282 | Bailey   | Noticed an orc sorcerer
  8289 | Bailey   | Killed an orc sorcerer
  8289 | Bailey   | Reached **** piety under Okawaru
  8338 | Bailey   | Acquired 1093 gold pieces
  8373 | Bailey   | Identified the +4 ring mail "Otakk" {Str+2}
  8464 | Bailey   | Noticed a rust devil
  8465 | Bailey   | Killed a kobold demonologist
  8647 | D:6      | Bought a translucent orcbow for 280 gold pieces
  8647 | D:6      | Identified the +4 orcbow of Karma {speed, rElec Str+6
                  | Stlth-} (You bought it in a shop on level 6 of the Dungeon)
  8677 | D:6      | Bought a scarf of resistance for 352 gold pieces
  8751 | D:8      | Found a staircase to the Lair.
  8934 | D:8      | Reached skill level 5 in Conjurations
  8934 | D:8      | Reached skill level 5 in Hexes
  8934 | D:8      | Reached skill level 5 in Summonings
  8934 | D:8      | Reached skill level 5 in Necromancy
  8934 | D:8      | Reached skill level 5 in Translocations
  8934 | D:8      | Reached skill level 5 in Fire Magic
  8934 | D:8      | Reached skill level 5 in Ice Magic
  8934 | D:8      | Reached skill level 5 in Air Magic
  8934 | D:8      | Reached skill level 5 in Earth Magic
  8934 | D:8      | Reached skill level 5 in Alchemy
  8934 | D:8      | Reached XP level 11. HP: 59/85 MP: 18/20
  8952 | D:8      | Reached ***** piety under Okawaru
  9425 | D:2      | Bought a book of Minor Magic for 208 gold pieces
  9428 | D:2      | Learned a level 2 spell: Blink
  9798 | D:8      | Noticed a two-headed ogre
  9798 | D:8      | Noticed a two-headed ogre
  9847 | D:9      | Noticed Maggie
  9859 | D:9      | Killed Maggie
 10604 | Lair:1   | Entered Level 1 of the Lair of Beasts
 10738 | Lair:1   | Received a gift from Okawaru
 11003 | Lair:1   | Noticed a skyshark
 11026 | Lair:1   | Killed a skyshark
 11027 | Lair:1   | Reached skill level 11 in Ranged Weapons
 11124 | Lair:1   | Found a sparkling altar of Nemelex Xobeh.
 11653 | Lair:1   | Received a gift from Okawaru
 11779 | Lair:2   | Reached XP level 12. HP: 94/94 MP: 22/22
 11941 | Lair:2   | Learned a level 4 spell: Dimensional Bullseye
 12129 | Lair:2   | Received a gift from Okawaru
 12257 | Lair:2   | Found a staircase to the Shoals.
 12572 | Lair:2   | Noticed a six-headed hydra
 12584 | Lair:2   | Killed a six-headed hydra
 12956 | Lair:2   | Received a gift from Okawaru
 13280 | Lair:2   | Found a staircase to the Shoals.
 13765 | Lair:2   | Found a staircase to the Shoals.
 14314 | Lair:3   | Found a staircase to the Snake Pit.
 14451 | Lair:3   | Noticed a seven-headed hydra
 14476 | Lair:3   | Noticed a seven-headed hydra
 14487 | Lair:3   | Killed a seven-headed hydra
 14497 | Lair:3   | Reached XP level 13. HP: 93/101 MP: 23/25
 14598 | Lair:3   | Found a frozen archway.
 14646 | IceCv    | Entered an ice cave
 15055 | IceCv    | Reached ****** piety under Okawaru
 15056 | IceCv    | Acquired the +8 longbow "Goblinslayer" {elec, rElec Str+2
                  | Int+4}
 15056 | IceCv    | Received a gift from Okawaru
 15058 | IceCv    | Acquired the +1 buckler of Caomoz {Harm Int+3 Slay+5
                  | Stlth-}
 15058 | IceCv    | Received a gift from Okawaru
 15263 | IceCv    | Found an ancient bone altar of Kikubaaqudgha.
 15292 | IceCv    | Received a gift from Okawaru
 15777 | IceCv    | Reached skill level 12 in Ranged Weapons
 15991 | IceCv    | Received a gift from Okawaru
 16136 | IceCv    | Identified the +1 pair of gloves "Wets" {Rampage Will+
                  | rCorr}
 17247 | Lair:4   | Reached skill level 10 in Fighting
 17247 | Lair:4   | Reached skill level 10 in Dodging
 17262 | Lair:4   | Received a gift from Okawaru
 17413 | Lair:4   | Noticed Rupert
 17427 | Lair:4   | Killed Rupert
 17427 | Lair:4   | Received a gift from Okawaru
 17428 | Lair:4   | Reached skill level 10 in Invocations
 17428 | Lair:4   | Reached XP level 14. HP: 110/110 MP: 19/27
 17758 | Lair:4   | Found a staircase to the Slime Pits.
 17952 | Lair:4   | Received a gift from Okawaru
 18438 | Lair:5   | Entered Level 5 of the Lair of Beasts
 18486 | Lair:5   | Received a gift from Okawaru
 18487 | Lair:5   | Reached skill level 10 in Stealth
 19600 | D:8      | Found the +8 pair of quick blades "Gyre" and "Gimble"
                  | {protect}
 19671 | D:10     | Entered Level 10 of the Dungeon
 19684 | D:10     | Identified the +2 quarterstaff "Reras" {speed, Will++
                  | Int+3}
 19697 | D:10     | Reached skill level 10 in Short Blades
 19697 | D:10     | Reached skill level 10 in Long Blades
 19697 | D:10     | Reached skill level 10 in Axes
 19697 | D:10     | Reached skill level 10 in Maces & Flails
 19697 | D:10     | Reached skill level 10 in Polearms
 19697 | D:10     | Reached skill level 10 in Staves
 19697 | D:10     | Reached skill level 10 in Throwing
 19697 | D:10     | Reached skill level 10 in Armour
 19697 | D:10     | Reached skill level 10 in Shields
 19697 | D:10     | Reached skill level 10 in Unarmed Combat
 19697 | D:10     | Reached skill level 10 in Spellcasting
 19697 | D:10     | Reached skill level 10 in Evocations
 19840 | D:10     | Reached skill level 13 in Ranged Weapons
 19889 | D:10     | Received a gift from Okawaru
 19906 | D:10     | Reached XP level 15. HP: 118/118 MP: 29/29
 20128 | D:10     | Found an ornate altar of the Wu Jian Council.
 20399 | D:11     | Found a staircase to the Orcish Mines.
 20955 | D:11     | Noticed Gastronok
 20971 | D:11     | Killed Gastronok
 21055 | Orc:1    | Entered Level 1 of the Orcish Mines
 21430 | Orc:2    | Entered Level 2 of the Orcish Mines
 21430 | Orc:2    | Noticed an orc warlord
 21430 | Orc:2    | Found a staircase to the Elven Halls.
 21464 | Orc:2    | Noticed Nessos
 21468 | Orc:2    | Noticed Donald
 21470 | Orc:2    | Killed Nessos
 21546 | D:12     | Found Povetom's Distillery.
 21558 | D:12     | Bought a potion of curing for 45 gold pieces
 21558 | D:12     | Bought a potion of curing for 45 gold pieces
 21603 | D:12     | Reached skill level 10 in Necromancy
 21950 | D:12     | Received a gift from Okawaru
 22555 | D:13     | Identified the +8 trident of the Stork {speed, rF+ rCorr}
 23514 | Orc:1    | Learned a level 3 spell: Sigil of Binding
 23629 | Orc:2    | Found Zeoloo's Distillery.
 23629 | Orc:2    | Found Xaloiqec's General Store.
 23633 | Orc:2    | Found Gaoshramn's Armour Shoppe.
 23637 | Orc:2    | Found Xeotheon's Magic Scroll Shoppe.
 23644 | Orc:2    | Bought a scroll of teleportation for 48 gold pieces
 23644 | Orc:2    | Bought a scroll of teleportation for 48 gold pieces
 23654 | Orc:2    | Bought a +2 pair of boots of stealth for 301 gold pieces
 23654 | Orc:2    | Bought the +3 robe of Clouds {*Thunder rCloud rElec} for
                  | 415 gold pieces
 23654 | Orc:2    | Found the +3 robe of Clouds {*Thunder rCloud rElec}
 23742 | Orc:2    | Received a gift from Okawaru
 23749 | Orc:2    | Killed an orc warlord
 23819 | Orc:2    | Found a runed translucent door.
 23827 | Orc:2    | Noticed jasper's ghost (journeyman TrCA)
 23916 | Orc:2    | Killed Donald
 23917 | Orc:2    | Reached skill level 10 in Shapeshifting
 24213 | Orc:2    | Killed jasper's ghost
 24362 | D:14     | Reached XP level 16. HP: 105/107 MP: 30/30
 24511 | D:14     | Found a portal to a secret trove of treasure.
 24710 | D:14     | Received a gift from Okawaru
 25365 | D:14     | Noticed Snorg
 25375 | D:14     | Killed Snorg
 25472 | D:14     | Found a gate to the Vaults.
 25707 | D:15     | Entered Level 15 of the Dungeon
 25707 | D:15     | Found a glowing silver altar of Zin.
 25890 | D:15     | Received a gift from Okawaru
 25966 | D:15     | Reached skill level 14 in Ranged Weapons
 26346 | D:15     | Found Leher's Distillery.
 26354 | D:15     | Bought a potion of enlightenment for 80 gold pieces
 26356 | D:15     | Bought a potion of heal wounds for 80 gold pieces
 26466 | D:15     | Bought a potion of heal wounds for 80 gold pieces
 26725 | D:15     | Found a staircase to the Depths.
 27096 | Lair:3   | Received a gift from Okawaru
 27120 | Snake:1  | Entered Level 1 of the Snake Pit
 27154 | Snake:1  | Found Sigymieh's Jewellery Boutique.
 27154 | Snake:1  | Found Ufeash's Distillery.
 27156 | Snake:1  | Found Ejooqomm's Antique Armour Shop.
 27158 | Snake:1  | Found Dauhics's Book Boutique.
 27163 | Snake:1  | Bought a pair of runed boots for 165 gold pieces
 27181 | Snake:1  | Bought the amulet "Otemocoi" {+Blink Will+ Regen+ rCorr
                  | SInv} for 653 gold pieces
 27593 | Snake:1  | Identified the +0 robe of Vowory {Regen+}
 27845 | Snake:1  | Reached XP level 17. HP: 135/135 MP: 32/32
 27857 | Snake:1  | Received a gift from Okawaru
 27979 | Snake:1  | Noticed Agnes
 27987 | Snake:1  | Killed Agnes
 27988 | Snake:1  | Reached skill level 10 in Conjurations
 27988 | Snake:1  | Reached skill level 10 in Hexes
 27988 | Snake:1  | Reached skill level 10 in Summonings
 27988 | Snake:1  | Reached skill level 10 in Translocations
 27988 | Snake:1  | Reached skill level 10 in Fire Magic
 27988 | Snake:1  | Reached skill level 10 in Ice Magic
 27988 | Snake:1  | Reached skill level 10 in Air Magic
 27988 | Snake:1  | Reached skill level 10 in Earth Magic
 27988 | Snake:1  | Reached skill level 10 in Alchemy
 28157 | Snake:2  | Found Dupublil's Firing Range.
 28160 | Snake:2  | Identified the +6 hand axe of Infection {flame, *Slow Fly
                  | rN+}
 28552 | Snake:2  | Noticed Azrael
 28556 | Snake:2  | Found Voshraomu's Weapon Boutique.
 28568 | Snake:2  | Killed Azrael
 28576 | Snake:2  | Received a gift from Okawaru
 29411 | Snake:3  | Noticed Vashnia
 29470 | Snake:3  | Received a gift from Okawaru
 29846 | Snake:3  | Noticed Saint Roka
 29864 | Snake:3  | Killed Saint Roka
 30149 | Snake:3  | Received a gift from Okawaru
 30512 | Snake:3  | Killed Vashnia
 30513 | Snake:3  | Reached XP level 18. HP: 143/143 MP: 26/34
 31242 | Snake:4  | Entered Level 4 of the Snake Pit
 31356 | Snake:4  | Found a glowing golden altar of the Shining One.
 31684 | Snake:4  | Reached skill level 15 in Ranged Weapons
 31871 | Snake:3  | Received a gift from Okawaru
 32305 | Snake:4  | Received a gift from Okawaru
 32549 | Snake:4  | Identified the serpent talisman "Vadenaufuank" {Dex+3}
 32549 | Snake:4  | Noticed Aizul
 32560 | Snake:4  | Killed Aizul
 32621 | Snake:4  | Got a serpentine rune of Zot
 32804 | Shoals:1 | Entered Level 1 of the Shoals
 33850 | Shoals:2 | Found Nublor's One-of-a-Kind Rings.
 33891 | Shoals:2 | Reached XP level 19. HP: 143/151 MP: 31/36
 33988 | Shoals:2 | Found Uhupott's Jewellery Emporium.
 34012 | Shoals:2 | Received a gift from Okawaru
 34366 | Shoals:2 | Noticed Polyphemus
 34373 | Shoals:2 | Killed Polyphemus
 34471 | Shoals:2 | Noticed Louise
 34479 | Shoals:2 | Killed Louise
 34716 | Shoals:2 | Bought the ring of Rilie {^Drain +Blink Will+ Int+3 Dex+7}
                  | for 924 gold pieces
 35074 | Shoals:3 | Received a gift from Okawaru
 35602 | Shoals:4 | Entered Level 4 of the Shoals
 35934 | Shoals:4 | Paralysed by an air elemental for 1 turns
 36009 | Shoals:4 | Received a gift from Okawaru
 36023 | Shoals:4 | Identified the +7 demon trident "Usugustry" {freeze, rN+}
 36070 | Shoals:4 | Reached XP level 20. HP: 137/137 MP: 37/37
 36132 | Shoals:4 | Reached skill level 15 in Invocations
 36145 | Shoals:4 | Reached skill level 16 in Ranged Weapons
 36223 | Shoals:4 | Identified the +9 hand axe of Chaos {drain, Int+3}
 36237 | Shoals:4 | Got a barnacled rune of Zot
 36238 | Shoals:4 | Identified the +0 ring mail of Dim Light {^Drain Str+10
                  | Slay-3}
 36334 | Shoals:4 | Found a stormy altar of Qazlal.
 36438 | Shoals:4 | Received a gift from Okawaru
 36704 | Shoals:4 | Paralysed by an air elemental for 1 turns
 36934 | Shoals:4 | Found a stormy altar of Qazlal.
 37339 | Vaults:1 | Entered Level 1 of the Vaults
 37421 | Vaults:1 | Reached skill level 15 in Necromancy
 37504 | Vaults:1 | Reached XP level 21. HP: 138/152 MP: 39/39
 37601 | Vaults:1 | Found Neagraho's Book Boutique.
 37796 | Vaults:1 | Shot themself with a bolt

Illustrated notes

Levels and vault maps discovered:
D:1:      nzn_arrival_depleted_hourglass, layout_rooms,
          shapermc_ecumenical_altar_mp_vishouse
D:2:      layout_rooms, serial_shops, shop, nicolae_shop_rolling_square, shop,
          nicolae_shop_getting_attention, grunt_ministairs_5,
          minmay_pentomino_z2
D:3:      layout_loops_ring, uniq_grinder
D:4:      layout_basic, uniq_robin
D:5:      layout_basic, minmay_temple_entry_glass, enter_ossuary_3
D:6:      layout_basic, lemuel_round_altar, serial_shops, shop,
          serial_bayou_pond_d, nicolae_shop_sticking_my_neck_out
D:7:      layout_gridville, mainiacjoe_overflow_cross_hatched,
          mainiacjoe_overflow_six_doors_small, serial_shops,
          nicolae_shop_industrial_runoff
D:8:      layout_basic, hellmonk_lair_entry_icy, special_room
          [special_room_orc], hellmonk_guarded_unrand_gyre_and_gimble
D:9:      minmay_inner_zag, layout_irregular_city, enter_bailey_7, uniq_maggie
D:10:     layout_small_grid, nzn_wu_jian_council_hall
D:11:     layout_long_grid, erik_orc_4, minivault_5, uniq_gastronok
D:12:     layout_roguey, serial_shops, shop, special_room [special_room_orc],
          minivault_24, billiards_dpeg
D:13:     layout_basic
D:14:     layout_layer_cave, hellmonk_vaults_keyhole, enter_trove_0, drop_trap,
          pond, uniq_snorg
D:15:     hangedman_depths_entry_civil_slaughter, layout_irregular_city,
          serial_shops, nicolae_shop_competitors_out_of_business,
          lemuel_crystal_altar, nicolae_titane
Temple:   compressed_dpeg_circular_temple
Lair:1:   layout_gridlike, basic_altar
Lair:2:   layout_gridlike, elwin_shoals_entry_stream, kennysheep_rathole
Lair:3:   layout_loops_ring, minmay_snake_entry_guardpost_small,
          portal_ice_cave_entry_imps, st_stairs_11, fungi_pond_lemuel,
          minmay_shattered_shrine, serial_bayou_shore_b
Lair:4:   nzn_winding_woodlands_three_and_one
          [nzn_winding_woodlands_5x15_sawtooth,
          nzn_winding_woodlands_5x15_river_crossing,
          nzn_winding_woodlands_5x15_default,
          nzn_winding_woodlands_center_pierced_h], layout_gridlike,
          slime_entry_1, grunt_megastairs_3, uniq_rupert
Lair:5:   gammafunk_lair_ancient_temple, layout_cellular_growth
Shoals:1: layout_shoals, st_cyclops
Shoals:2: layout_shoals, nicolae_shop_unique_rings, nicolae_stop_n_shop_2,
          uniq_polyphemus, uniq_louise
Shoals:3: layout_shoals
Shoals:4: shoals_end_hellmonk_storm_palace [storm_palace_center_ruins,
          storm_palace_corner_reverse_hut, storm_palace_corner_altar,
          storm_palace_corner_reverse_hut, storm_palace_corner_grid],
          serial_shops
Snake:1:  layout_misc_corridors, minmay_shoptagon, lemuel_fruit_tree,
          serial_bayou_shore_a, uniq_agnes
Snake:2:  layout_basic, serial_shops, nicolae_shop_pleasant_corner_grove,
          hangedman_snake_wide_pillar_pass, nicolae_shop_firing_range,
          uniq_azrael
Snake:3:  layout_layer_cave, uniq_vashnia, uniq_saint_roka
Snake:4:  minmay_snake_end_coiled, layout_misc_corridors, basic_altar,
          uniq_aizul
Orc:1:    layout_caves
Orc:2:    st_orc_mages, layout_caves, special_room,
          hellmonk_ghost_happy_afterlife, uniq_nessos, uniq_donald
Vaults:1: vaults_room_door_hall, nicolae_vaults_oval_intersection,
          hangedman_vaults_stitches, hangedman_vaults_nodes, v_misc_22,
          nicolae_vaults_alarming, nicolae_vaults_big_angled_halls,
          ontoclasm_vaults_gateway, v_misc_4, vaults_dpeg_hooks,
          vaults_mumra_hex, layout_vaults_omnigrid, serial_shops,
          nicolae_shop_tiny_real_fake_doors

Skill      XL: |  1  2  3  4  5  6  7  8  9 10 11 12 13 14 15 16 17 18 19 20 21 |
---------------+----------------------------------------------------------------+-----
Invocations    | 1 2 3 4 5 6 7 8 10 11 12 13 14 15 | 15.2
Short Blades   | 1 2 3 4 5 6 7 8 9 10 11 12 13 14 | 14.1
Long Blades    | 1 2 3 4 5 6 7 8 9 10 11 12 13 14 | 14.1
Axes           | 1 2 3 4 5 6 7 8 9 10 11 12 13 14 | 14.1
Maces & Flails | 1 2 3 4 5 6 7 8 9 10 11 12 13 14 | 14.1
Polearms       | 1 2 3 4 5 6 7 8 9 10 11 12 13 14 | 14.1
Staves         | 1 2 3 4 5 6 7 8 9 10 11 12 13 14 | 14.1
Throwing       | 1 2 3 4 5 6 7 8 9 10 11 12 13 14 | 14.1
Armour         | 1 2 3 4 5 6 7 8 9 10 11 12 13 14 | 14.1
Shields        | 1 2 3 4 5 6 7 8 9 10 11 12 13 14 | 14.1
Unarmed Combat | 1 2 3 4 5 6 7 8 9 10 11 12 13 14 | 14.1
Spellcasting   | 1 2 3 4 5 6 7 8 9 10 11 12 13 14 | 14.1
Evocations     | 1 2 3 4 5 6 7 8 9 10 11 12 13 14 | 14.1
Shapeshifting  | 1 2 3 4 5 6 7 8 9 10 11 12 13 | 13.0
Conjurations   | 1 2 3 4 5 6 7 8 9 10 11 | 11.9
Hexes          | 1 2 3 4 5 6 7 8 9 10 11 | 11.9
Summonings     | 1 2 3 4 5 6 7 8 9 10 11 | 11.9
Necromancy     | 1 2 3 4 5 6 8 9 10 11 12 13 14 15 | 15.0
Translocations | 1 2 3 4 5 6 7 8 9 10 11 | 11.9
Fire Magic     | 1 2 3 4 5 6 7 8 9 10 11 | 11.9
Ice Magic      | 1 2 3 4 5 6 7 8 9 10 11 | 11.9
Air Magic      | 1 2 3 4 5 6 7 8 9 10 11 | 11.9
Earth Magic    | 1 2 3 4 5 6 7 8 9 10 11 | 11.9
Alchemy        | 1 2 3 4 5 6 7 8 9 10 11 | 11.9
Stealth        | 3 4 5 6 7 8 9 10 11 12 13 14 | 14.2
Fighting       | 5 6 7 8 9 10 11 12 13 14 | 14.7
Dodging        | 5 6 7 8 9 10 11 12 13 14 | 14.7
Ranged Weapons | 9 10 11 12 13 14 15 16 | 16.2

Action                     |  1- 3 |  4- 6 |  7- 9 | 10-12 | 13-15 | 16-18 | 19-21 || total
---------------------------+-------+-------+-------+-------+-------+-------+-------++-------
  Melee: Short sword       |       |       |     5 |     6 |       |       |       ||    11
         Bite              |       |       |       |     2 |    14 |       |       ||    16
         Pair of quick bla |       |       |       |       |    98 |     3 |       ||   101
   Fire: Shortbow          |    99 |    94 |   439 |   196 |       |       |       ||   828
         Orcbow            |       |       |       |   695 |    97 |       |       ||   792
         Longbow           |       |       |       |       |  1043 |  1556 |   478 ||  3077
         Hand cannon       |       |       |       |       |       |       |   220 ||   220
  Throw: Dart              |       |    12 |    23 |     7 |     2 |       |       ||    44
         Javelin           |       |       |       |       |    27 |       |       ||    27
   Cast: Mercury Vapours   |       |       |       |    15 |       |     1 |       ||    16
         Blink             |       |       |       |    18 |    11 |    11 |    11 ||    51
         Dimensional Bulls |       |       |       |     4 |    15 |    11 |     6 ||    36
         Olgreb's Toxic Ra |       |       |       |     3 |     5 |     6 |     3 ||    17
         Sigil of Binding  |       |       |       |       |       |     4 |       ||     4
 Invoke: Heroism           |       |       |     1 |     9 |    16 |    10 |     5 ||    41
         Finesse           |       |       |       |       |     1 |       |       ||     1
         Receive Weapon    |       |       |       |       |     1 |       |       ||     1
         Receive Armour    |       |       |       |       |     1 |       |       ||     1
Ability: Evoke Invisibilit |       |       |       |     1 |     7 |     1 |     6 ||    15
         Evoke Blink       |       |       |       |       |       |       |     1 ||     1
  Evoke: Wand              |       |       |     3 |     7 |     4 |     2 |       ||    16
    Use: Scroll            |     2 |     6 |    11 |     4 |     7 |     7 |       ||    37
         Potion            |       |     5 |     1 |     2 |     2 |     1 |     4 ||    15
   Stab: Invisible         |       |       |     4 |     1 |    12 |     2 |       ||    19
 Armour: Leather armour    |    14 |    28 |   130 |    87 |       |       |       ||   259
         Skin              |       |    26 |       |       |       |       |       ||    26
         Ring mail         |       |       |       |   108 |   272 |   377 |   227 ||   984
         Robe              |       |       |       |       |       |    16 |       ||    16
  Dodge: Dodged            |    15 |    42 |   173 |   270 |   509 |   745 |   469 ||  2223

Table legend: (Time is in decaauts)
 A = Elapsed time spent in this place.
 B = Non-inter-level travel time spent in this place.
 C = Inter-level travel time spent in this place.
 D = Time resting spent in this place.
 E = Time spent auto-exploring this place.
 F = Levels seen in this place.
 G = Mean time per level.
                   A        B        C        D        E       F      G
               +--------+--------+--------+--------+--------+-----+--------+
         Total |  37711 |  34157 |   3554 |   2410 |  22443 |  34 | 1109.1 |
       Dungeon |  15658 |  13457 |   2201 |   1045 |   8995 |  15 | 1043.9 |
        Temple |     24 |      1 |     23 |      0 |      0 |   1 |   24.0 |
          Lair |   7580 |   6913 |    667 |     80 |   5267 |   5 | 1516.0 |
        Shoals |   4313 |   4092 |    221 |     60 |   2808 |   4 | 1078.2 |
     Snake Pit |   5308 |   5023 |    285 |    222 |   3297 |   4 | 1327.0 |
  Orcish Mines |   1681 |   1527 |    154 |    172 |    844 |   2 |  840.5 |
        Vaults |    340 |    340 |      0 |      0 |    249 |   1 |  340.0 |
        Bailey |   1207 |   1207 |      0 |    429 |    336 |   1 | 1207.0 |
      Ice Cave |   1596 |   1596 |      0 |    398 |    646 |   1 | 1596.0 |
               +--------+--------+--------+--------+--------+-----+--------+

Top non-repeatable levels by time:
 Snake:3: 2540 daAuts
  Lair:2: 2486 daAuts
     D:8: 1872 daAuts
    D:14: 1722 daAuts
   IceCv: 1596 daAuts
  Lair:3: 1517 daAuts
     D:4: 1516 daAuts
Shoals:4: 1461 daAuts
     D:7: 1442 daAuts
  Lair:1: 1309 daAuts
  Lair:4: 1222 daAuts
 Snake:4: 1209 daAuts
  Bailey: 1207 daAuts
Shoals:2: 1128 daAuts
     D:9: 1114 daAuts
